 Dungeon Crawl Stone Soup version 0.23-a0-419-g0174fd8 (webtiles) character file.

304024 Gorice the Unseen (level 21, -13/164 HPs)
             Began as a Gnoll Wanderer on Nov 11, 2018.
             Was the Champion of the Shining One.
             Killed from afar by Xtahua (48 damage)
             ... with a searing blast
             ... on level 2 of the Vaults on Nov 13, 2018.
             The game lasted 05:01:23 (62031 turns).

Gorice the Unseen (Gnoll Wanderer)                 Turns: 62031, Time: 05:01:24

Health: -13/164    AC: 30    Str: 23    XL:     21   Next: 10%
Magic:  38/38      EV: 13    Int: 15    God:    the Shining One [******]
Gold:   3881       SH: 15    Dex: 23    Spells: 32/46 levels left

rFire    . . .     SeeInvis +   a - +8 war axe of Turmoil {freeze, rPois MR+++ Str-5 Stlth+}
rCold    . . .     Gourm    .   C - +0 buckler
rNeg     + + +     Faith    .   N - +2 crystal plate armour
rPois    +         Spirit   .   Y - +1 helmet {SInv}
rElec    .         Reflect  +   R - +0 cloak
rCorr    .         Harm     .   e - +0 pair of gloves
MR       ++++.                  (no boots)
Stlth    +.........             j - amulet of the Orange Skies {Reflect SH+6 Stlth+}
HPRegen  0.37/turn              m - +6 ring of dexterity
MPRegen  0.26/turn              s - +6 ring of strength

@: very slightly contaminated, glowing
A: distributed training, fangs 1, strong nose
}: 2/15 runes: barnacled, gossamer
a: Divine Shield, Cleansing Flame, Summon Divine Warrior, Brand Weapon With Holy
Wrath, Renounce Religion


You were on level 2 of the Vaults.
You worshipped the Shining One.
The Shining One was exalted by your worship.
You were not hungry.

You visited 7 branches of the dungeon, and saw 34 of its levels.
You visited the Abyss 1 time.
You also visited: Bailey and Ice Cave.

You collected 4818 gold pieces.
You spent 937 gold pieces at shops.

Inventory:

Hand Weapons
 a - the +8 war axe of Turmoil (weapon) {freeze, rPois MR+++ Str-5 Stlth+}
   (You found it on level 5 of the Dungeon)

   It has been specially enchanted to freeze those struck by it, causing extra
   injury to most foes and up to half again as much damage against particularly
   susceptible opponents.
   It can also slow down cold-blooded creatures.
   It affects your strength (-5).
   It protects you from poison.
   It affects your resistance to hostile enchantments.
   It makes you more stealthy.
 h - a +2 scimitar of flaming
   (You took it off Erica on level 2 of the Lair of Beasts)
 p - a +2 great mace of holy wrath
   (You took it off a vault warden on level 1 of the Vaults)
Missiles
 n - 46 javelins of returning (quivered)
 y - 22 steel javelins
 X - 7 poisoned javelins
 Z - 13 throwing nets {!f}
Armour
 e - a +0 pair of gloves (worn)
 q - a +4 plate armour
 C - a +0 buckler (worn)
 N - a +2 crystal plate armour (worn)
 R - a +0 cloak (worn)
 Y - a +1 helmet of see invisible (worn)
   (You found it on level 12 of the Dungeon)
Jewellery
 f - an uncursed ring of protection from fire
 j - the amulet of the Orange Skies (around neck) {Reflect SH+6 Stlth+}
   (You took it off a merfolk siren on level 3 of the Shoals)

   [amulet of reflection]

   It shields you and reflects attacks.
   It affects your SH (+6).
   It makes you more stealthy.
 m - a +6 ring of dexterity (left hand)
 r - an uncursed ring of protection from cold
 s - a +6 ring of strength (right hand)
 F - an uncursed ring of flight
Wands
 k - a wand of iceblast (19)
 l - a wand of digging (13)
 x - a wand of acid (7)
 E - a wand of disintegration (17)
 J - a wand of flame (34)
 M - a wand of scattershot (5)
 P - a wand of enslavement (25)
 W - a wand of paralysis (13)
Scrolls
 b - 3 scrolls of blinking
 g - 12 scrolls of remove curse
 i - 18 scrolls of teleportation {!r}
 t - 2 scrolls of fear {!r}
 v - 3 scrolls of summoning {!r}
 z - 3 scrolls of magic mapping {!r}
 L - 8 scrolls of fog
 O - a scroll of enchant armour
 U - 20 scrolls of identify
Potions
 d - 14 potions of heal wounds {!q}
 o - 15 potions of curing
 u - 2 potions of mutation {!q}
 w - 2 potions of magic {!q}
 A - 5 potions of agility {!q}
 B - a potion of resistance {!q}
 G - 5 potions of might {!q}
 H - 4 potions of haste {!q}
 K - a potion of flight
 Q - 3 potions of cancellation {!q}
Miscellaneous
 I - 3 sacks of spiders
Comestibles
 c - 4 chunks of flesh
 D - 47 rations


   Skills:
 + Level 13.9 Fighting
 + Level 13.5 Short Blades
 + Level 13.3 Long Blades
 + Level 13.3 Axes
 + Level 13.3 Maces & Flails
 + Level 13.3 Polearms
 + Level 13.3 Staves
 + Level 13.3 Slings
 + Level 13.3 Bows
 + Level 13.3 Crossbows
 + Level 13.5 Throwing
 + Level 13.3 Armour
 + Level 13.5 Dodging
 + Level 15.7 Stealth
 + Level 13.3 Shields
 + Level 13.3 Unarmed Combat
 + Level 13.3 Spellcasting
 + Level 11.4 Conjurations
 + Level 11.4 Hexes
 + Level 11.4 Charms
 + Level 11.4 Summonings
 + Level 11.4 Necromancy
 + Level 11.4 Translocations
 + Level 11.4 Transmutations
 + Level 11.4 Fire Magic
 + Level 11.4 Ice Magic
 + Level 11.4 Air Magic
 + Level 11.4 Earth Magic
 + Level 11.4 Poison Magic
 + Level 14.3 Invocations
 + Level 13.3 Evocations


You had 32 spell levels left.
You knew the following spells:

 Your Spells              Type           Power        Failure   Level  Hunger
c - Conjure Flame         Conj/Fire      #####...     8%          3    None
p - Portal Projectile     Hex/Tloc       #####.       8%          3    None
w - Spectral Weapon       Hex/Chrm       #####...     8%          3    None
A - Apportation           Tloc           #####.       2%          1    None
J - Blink                 Tloc           N/A          3%          2    None
S - Swiftness             Chrm/Air       #####...     3%          2    None

Your spell library contained the following spells:

 Spells                   Type           Power        Failure   Level  Hunger
 Animate Skeleton         Necr           N/A          2%          1    None
 Beastly Appendage        Tmut           #####.       2%          1    None
 Confusing Touch          Hex            #####.       2%          1    None
 Corona                   Hex            #####..      2%          1    None
 Infusion                 Chrm           ####         2%          1    None
 Magic Dart               Conj           ####         2%          1    None
 Pain                     Necr           ####         2%          1    None
 Shock                    Conj/Air       ####         2%          1    None
 Summon Small Mammal      Summ           ####         2%          1    None
 Call Imp                 Summ           #####...     3%          2    None
 Corpse Rot               Necr           N/A          3%          2    None
 Ensorcelled Hibernation  Hex/Ice        #####.       3%          2    None
 Poisonous Vapours        Pois/Air       #####.       3%          2    None
 Shroud of Golubria       Chrm/Tloc      #####.....   3%          2    None
 Slow                     Hex            #####...     3%          2    None
 Song of Slaying          Chrm           #####...     3%          2    None
 Sticks to Snakes         Tmut           #####...     3%          2    None
 Sublimation of Blood     Necr           #####.....   3%          2    None
 Confuse                  Hex            #####...     8%          3    None
 Gell's Gravitas          Tloc           #####.....   8%          3    None
 Inner Flame              Hex/Fire       #####...     8%          3    None
 Mephitic Cloud           Conj/Pois/Air  #####...     8%          3    None
 Regeneration             Chrm/Necr      #####.....   8%          3    None
 Spider Form              Tmut/Pois      #####.....   8%          3    None
 Static Discharge         Conj/Air       #####...     8%          3    None
 Vampiric Draining        Necr           #####.....   8%          3    None
 Airstrike                Air            #####.....   26%         4    ##.....
 Animate Dead             Necr           N/A          26%         4    ##.....
 Cause Fear               Hex            #####.....   26%         4    ##.....
 Ice Form                 Ice/Tmut       #####...     26%         4    ##.....
 Leda's Liquefaction      Hex/Erth       #####.....   26%         4    ##.....
 Petrify                  Tmut/Erth      #####...     26%         4    ##.....
 Agony                    Necr           #####...     56%         5    ####...
 Blade Hands              Tmut           #####.....   56%         5    ####...
 Bolt of Draining         Conj/Necr      #####.....   56%         5    ####...
 Borgnjor's Vile Clutch   Necr/Erth      #####.....   56%         5    ####...
 Dispel Undead            Necr           #####...     56%         5    ####...
 Excruciating Wounds      Chrm/Necr      #####.....   56%         5    ####...
 Lightning Bolt           Conj/Air       #####.....   56%         5    ####...
 Metabolic Englaciation   Hex/Ice        #####.....   56%         5    ####...
 Silence                  Hex/Air        #####.....   56%         5    ####...
 Yara's Violent Unravell  Hex/Tmut       #####.....   56%         5    ####...
 Bolt of Cold             Conj/Ice       #####.....   98%         6    ######.
 Darkness                 Hex            #####.....   98%         6    ######.
 Freezing Cloud           Conj/Ice/Air   #####.....   98%         6    ######.
 Ozocubu's Refrigeration  Ice            #####.....   98%         6    ######.
 Shadow Creatures         Summ           N/A          98%         6    ######.
 Simulacrum               Ice/Necr       #####.....   98%         6    ######.
 Ring of Flames           Chrm/Fire      #####.....   100%        7    #######


Dungeon Overview and Level Annotations

Branches:
Dungeon (15/15)            Temple (1/1) D:4            Lair (6/6) D:10
 Shoals (4/4) Lair:3       Spider (4/4) Lair:4        Slime (0/5) Lair:6
    Orc (2/2) D:10            Elf (0/3) Orc:2        Vaults (2/5) D:13
 Depths (0/5) D:15
  Crypt: Vaults:2-3

Altars:
Ashenzari
Cheibriados
Dithmenos
Elyvilon
Fedhas
Gozag
Hepliaklqana
Kikubaaqudgha
Makhleb
Nemelex Xobeh
Okawaru
Qazlal
Ru
Sif Muna
Trog
Uskayaw
Vehumet
Wu Jian
Xom
Yredelemnul
Zin
The Shining One
Jiyva
Lugonu

Shops:
D:4 }   D:9 !   D:13 *   Orc:2 ([}%?   Shoals:1 :

Annotations:
D:7 Menkaure
D:15 vpUX: 21gp behind glass
Spider:3 3 runed doors, Bimuummu's ghost, adept OpTm; Zuproetha's ghost, adept DsWn
Vaults:2 Xtahua


Innate Abilities, Weirdness & Mutations

Your experience applies equally to all skills.
You have very sharp teeth.
Your uncanny sense of smell can sniff out nearby items.


Message History

A slime creature comes into view.
Found an escape hatch in the ceiling. 2 ironheart preservers come into view.
The slime creature quivers.
The ironheart preserver shouts! x2; You hear a shout!
The ironheart preserver mumbles some strange words.
The ironheart preserver begins to accept its allies' injuries.
The vault warden activates a sealing rune.
A door slams shut!
A vault guard comes into view. It is wielding a +3 battleaxe.
Xtahua roars, "I HOPE YOU'RE TASTY!"
The vault warden activates a sealing rune.
Xtahua breathes flames at you. The searing blast hits you!
The vault warden activates a sealing rune.
A door slams shut!
You hear a shout! x3
Damage: 45 (max 45) Xtahua breathes flames at you.
The searing blast hits you!
Damage: 22 (max 45)
The runic seals fade away.
Xtahua breathes flames at you. The searing blast hits you!
* * * LOW HITPOINT WARNING * * *
Damage: 75 (max 75)
The runic seal fades away.
Blink to where?
Press: ? - help, Dir - move target cursor You are very lightly contaminated with residual magic.
As you read the scroll of blinking, it crumbles to dust.
Casting: Spectral Weapon (safe; 8% risk of failure)
Confirm with . or Enter, or press ? or * to list all spells.
You miscast Swiftness.
You hear a crackling sound.
Casting: Swiftness (safe; 3% risk of failure)
Confirm with . or Enter, or press ? or * to list all spells.
You feel quick.
You start to feel a little slower.
There is an open door here.
Which direction?
You close the door.
You feel sluggish.
You start to feel a little faster.
Xtahua bursts through the door, destroying it!
You no longer feel sluggish.
There is a stone staircase leading up here.
Xtahua breathes flames at you. The searing blast hits you!
You die...

#..# ##.....##
#..# #. #..#
#...#...# #..# #.
#..#
####.###.#####..#
#. ∆
##.#...#..(#.##..#
#.
#....<........#..#
## ###
#..#...#...#..#..#
#. ..##
#.###.###)###.#..#
#. ...##
#..#...#...#..#..#
## ....##
#....@....D.p....#
#. ..<..##
##.#...#...#p##..#
#. ......#
####.###.#####..#
#. ......#
#...#...# #..# #.
......# ##.....##
#..##### .#....#
####### #..##...
###...# #..##... #
##..#
##########..##...
##.#..
#........#..##...


You could see Xtahua, an ironheart preserver and a vault warden.

Vanquished Creatures
  Arachne (Spider:3)
  The ghost of Garbasso the Brawler, an adept TrMo of Jiyva (Spider:4)
  A titan (Shoals:2)
  Gastronok (Lair:1)
  Ilsuiw (Shoals:1)
  2 frost giants
  An orc warlord (Vaults:1)
  A fire giant (D:15)
  3 emperor scorpions (Spider:4)
  5 ghost moths
  5 vault wardens
  6 ironheart preservers
  3 stone giants
  4 entropy weavers
  2 spark wasps (Spider:4)
  Nessos (D:14)
  A deep elf demonologist (Vaults:2)
  Azrael (Spider:1)
  A minotaur (D:12)
  4 merfolk javelineers
  The ghost of EnegeticOcto the Spear-Bearer, a journeyman HuSk of Ashenzari (D:12)
  An ettin (D:15)
  3 fire dragons
  8 merfolk impalers
  3 yaktaur captains
  Fannar (D:10)
  An ice dragon (Vaults:1)
  6 hydras
  9 vault guards
  Harold (Lair:2)
  Erolcha (D:10)
  2 merfolk avatars
  2 ogre magi
  Erica (Lair:2)
  2 catoblepae (Lair:5)
  An alligator snapping turtle (Shoals:3)
  The ghost of Xoff the Covert, a journeyman OpAs of Ashenzari (D:10)
  2 death knights
  3 satyrs (Shoals:4)
  3 merfolk aquamancers
  10 death yaks
  A tengu warrior (D:14)
  A queen ant (Spider:2)
  A deep troll shaman (Lair:6)
  12 two-headed ogres
  5 centaur warriors
  Urug (Lair:3)
  6 orc high priests
  2 deep elf knights (Vaults:1)
  A skeletal warrior (D:14)
  A shadow wraith (Vaults:2)
  2 unseen horrors (Vaults:1)
  8 sea snakes
  3 deep trolls (Vaults:1)
  A deep elf archer (Vaults:1)
  A storm dragon skeleton (Abyss:1)
  5 ironbrand convokers
  20 harpies
  17 orb spiders
  6 wizards
  2 necromancers
  8 orc knights
  3 phantasmal warriors (D:14)
  8 deep elf magi
  28 wolf spiders
  An orc sorcerer (Orc:1)
  5 oklob plants
  20 fauns
  6 manticores
  21 ugly things
  2 moths of wrath
  9 cyclopes
  3 elephants
  14 merfolk sirens
  A fire giant skeleton (Vaults:2)
  5 black mambas
  An elephant (shapeshifter) (D:12)
  3 water nymphs
  A torpor snail (Lair:6)
  Joseph (D:7)
  A guardian serpent (shapeshifter) (D:15)
  An ice statue (IceCv)
  2 vault sentinels
  6 spiny frogs
  2 gargoyles
  A kobold demonologist (D:11)
  10 rime drakes
  21 yaktaurs
  20 demonic crawlers
  A freezing wraith (Vaults:2)
  7 komodo dragons
  A redback zombie (D:15)
  7 trolls
  An efreet (D:13)
  A human skeleton (Vaults:2)
  3 meliai (D:13)
  A polar bear (shapeshifter) (D:14)
  32 jumping spiders
  26 merfolk
  A wolf spider simulacrum (Spider:4)
  17 polar bears
  10 hornets
  2 spectral tarantellas (Spider:4)
  4 wind drakes
  4 snapping turtles
  5 dream sheep
  12 slime creatures
  10 blink frogs
  12 hippogriffs
  88 redbacks
  A ynoxinul (Abyss:1)
  40 tarantellas
  A vampire (D:15)
  12 water elementals
  A wyvern (D:12)
  48 yaks
  4 shadows
  Sigmund (D:3)
  3 wraiths
  A hog (shapeshifter) (Vaults:2)
  A hungry ghost (D:8)
  17 humans (D:13)
  9 steam dragons
  3 basilisks
  10 vampire mosquitoes
  27 soldier ants
  6 wargs
  An acid dragon (Vaults:1)
  2 insubstantial wisps (Lair:2)
  5 hell hounds (Spider:1)
  12 porcupines
  10 water moccasins
  A jumping spider simulacrum (Spider:4)
  A swamp drake (Orc:1)
  6 ice beasts
  8 phantoms
  60 orc warriors
  6 sky beasts
  5 black bears
  An ettin simulacrum (Vaults:2)
  An eye of draining (D:14)
  A necrophage (D:7)
  20 ogres
  10 centaurs
  35 wolves
  8 crocodiles
  A big kobold (D:11)
  Blork the orc (D:9)
  A wyvern zombie (D:12)
  26 bullfrogs
  8 scorpions
  2 wyvern skeletons
  6 killer bees (D:7)
  19 wights
  7 howler monkeys
  12 crimson imps
  7 centaur zombies
  3 quasits
  An iron imp (Orc:1)
  7 hounds
  Crazy Yiuf (D:6)
  2 jellies (D:14)
  43 orc priests
  4 bullfrog skeletons
  A gnoll shaman (Orc:1)
  7 centaur skeletons
  Jessica (D:2)
  5 iguanas
  Terence (D:2)
  27 orc wizards
  4 hell rats (Lair:6)
  23 worker ants
  2 hound zombies
  A worker ant zombie (D:11)
  20 gnolls
  17 adders
  3 shadow imps
  13 white imps
  2 oozes (D:2)
  2 adder zombies
  2 adder skeletons
  2 worms
  6 dart slugs
  2 leopard geckos
  145 orcs
  A ball python (D:5)
  5 giant cockroaches
  2 goblins (D:1)
  18 hobgoblins
  11 jackals
  4 quokkas
  8 bats
  6 frilled lizards
  A giant cockroach zombie (D:5)
  15 kobolds
  2 leopard gecko skeletons
  A quokka skeleton (D:5)
  12 rats
  3 fungi
  2 plants
1558 creatures vanquished.

Vanquished Creatures (collateral kills)
  The ghost of Noreul the Severer, an adept MiBe of Trog (Spider:1)
  The ghost of Noreul the Severer, an adept MiBe of Trog (Spider:1)
  The ghost of Nr616 the Severer, an adept MiBe of Trog (Shoals:3)
  A ghost moth (Spider:4)
  A sea snake (Shoals:3)
  A spectral ghost moth (Spider:4)
  2 harpies (Shoals:3)
  A faun (Shoals:2)
  A wolf spider (Spider:4)
  2 merfolk (Shoals:3)
  A wolf spider simulacrum (Spider:4)
  A spectral tarantella (Spider:4)
  A hornet (Spider:4)
  2 redbacks (Spider:4)
  2 redback simulacra (Spider:4)
  2 centaurs (Vaults:1)
  An orb spider simulacrum (Spider:4)
22 creatures vanquished.

Vanquished Creatures (others)
  A spark wasp (Spider:4)
  A merfolk javelineer (Shoals:4)
  A faun (Shoals:4)
  2 polar bears (IceCv)
  A yak (IceCv)
  A redback (Spider:4)
  An orc warrior (Vaults:1)
  A centaur (Vaults:1)
  A wolf (IceCv)
  A quokka (D:6)
  12 fungi
  25 plants
  4 toadstools (D:6)
  8 withered plants
60 creatures vanquished.

Grand Total: 1640 creatures vanquished

Notes
Turn   | Place    | Note
-------+----------+-------------------------------------------
     0 | D:1      | Reached skill level 9 in Stealth
     0 | D:1      | Gorice the Gnoll Wanderer began the quest for the Orb.
     0 | D:1      | Gorice set off with the following items: a +2 dagger, a
                  | scroll of blinking, a potion of curing, a potion of
                  | lignification {!q}, a +0 robe, a ration
     0 | D:1      | Reached XP level 1. HP: 20/20 MP: 1/1
   119 | D:1      | HP: 6/20 [jackal (1)]
   120 | D:1      | HP: 2/20 [jackal (3)]
   129 | D:1      | Reached XP level 2. HP: 22/26 MP: 2/2
   427 | D:1      | Found a shimmering altar of Xom.
   587 | D:1      | Reached XP level 3. HP: 30/31 MP: 3/3
   900 | D:2      | Reached skill level 1 in Invocations
  1059 | D:2      | Found a radiant altar of Vehumet.
  1064 | D:2      | Found a transporter.
  1078 | D:2      | Found a transporter.
  1140 | D:2      | Noticed Terence
  1168 | D:2      | Killed Terence
  1168 | D:2      | Reached skill level 1 in Long Blades
  1168 | D:2      | Reached skill level 1 in Axes
  1168 | D:2      | Reached skill level 1 in Maces & Flails
  1168 | D:2      | Reached skill level 1 in Polearms
  1168 | D:2      | Reached skill level 1 in Staves
  1168 | D:2      | Reached skill level 1 in Slings
  1168 | D:2      | Reached skill level 1 in Bows
  1168 | D:2      | Reached skill level 1 in Crossbows
  1168 | D:2      | Reached skill level 1 in Armour
  1168 | D:2      | Reached skill level 1 in Shields
  1168 | D:2      | Reached skill level 1 in Unarmed Combat
  1168 | D:2      | Reached skill level 1 in Spellcasting
  1168 | D:2      | Reached skill level 1 in Evocations
  1168 | D:2      | Reached XP level 4. HP: 33/38 MP: 5/5
  1550 | D:2      | Noticed Jessica
  1561 | D:2      | Killed Jessica
  1561 | D:2      | Reached skill level 1 in Conjurations
  1561 | D:2      | Reached skill level 1 in Hexes
  1561 | D:2      | Reached skill level 1 in Charms
  1561 | D:2      | Reached skill level 1 in Summonings
  1561 | D:2      | Reached skill level 1 in Necromancy
  1561 | D:2      | Reached skill level 1 in Translocations
  1561 | D:2      | Reached skill level 1 in Transmutations
  1561 | D:2      | Reached skill level 1 in Fire Magic
  1561 | D:2      | Reached skill level 1 in Ice Magic
  1561 | D:2      | Reached skill level 1 in Air Magic
  1561 | D:2      | Reached skill level 1 in Earth Magic
  1561 | D:2      | Reached skill level 1 in Poison Magic
  1561 | D:2      | Reached XP level 5. HP: 33/43 MP: 6/6
  1681 | D:2      | Found a snail-covered altar of Cheibriados.
  1822 | D:3      | Noticed Sigmund
  2206 | D:3      | Killed Sigmund
  2206 | D:3      | Reached skill level 3 in Short Blades
  2206 | D:3      | Reached skill level 3 in Throwing
  2206 | D:3      | Reached skill level 3 in Dodging
  2206 | D:3      | Reached skill level 2 in Invocations
  2206 | D:3      | Reached XP level 6. HP: 36/50 MP: 8/8
  2315 | D:3      | Found a stormy altar of Qazlal.
  2423 | D:3      | Reached skill level 5 in Fighting
  2610 | D:3      | Reached skill level 2 in Long Blades
  2610 | D:3      | Reached skill level 2 in Axes
  2610 | D:3      | Reached skill level 2 in Maces & Flails
  2610 | D:3      | Reached skill level 2 in Polearms
  2610 | D:3      | Reached skill level 2 in Staves
  2610 | D:3      | Reached skill level 2 in Slings
  2610 | D:3      | Reached skill level 2 in Bows
  2610 | D:3      | Reached skill level 2 in Crossbows
  2610 | D:3      | Reached skill level 2 in Armour
  2610 | D:3      | Reached skill level 2 in Shields
  2610 | D:3      | Reached skill level 2 in Unarmed Combat
  2610 | D:3      | Reached skill level 2 in Spellcasting
  2610 | D:3      | Reached skill level 2 in Evocations
  2644 | D:3      | Found a shattered altar of Ashenzari.
  2905 | D:4      | Noticed a phantom
  2980 | D:4      | Found a staircase to the Ecumenical Temple.
  3016 | D:3      | HP: 15/51 [orc priest/divine providence (13)]
  3706 | D:3      | Killed a phantom
  3706 | D:3      | Reached XP level 7. HP: 25/56 MP: 10/10
  4312 | D:3      | Reached skill level 2 in Conjurations
  4312 | D:3      | Reached skill level 2 in Hexes
  4312 | D:3      | Reached skill level 2 in Charms
  4312 | D:3      | Reached skill level 2 in Summonings
  4312 | D:3      | Reached skill level 2 in Necromancy
  4312 | D:3      | Reached skill level 2 in Translocations
  4312 | D:3      | Reached skill level 2 in Transmutations
  4312 | D:3      | Reached skill level 2 in Fire Magic
  4312 | D:3      | Reached skill level 2 in Ice Magic
  4312 | D:3      | Reached skill level 2 in Air Magic
  4312 | D:3      | Reached skill level 2 in Earth Magic
  4312 | D:3      | Reached skill level 2 in Poison Magic
  4363 | D:4      | Found Bennomn's Gadget Emporium.
  4685 | D:4      | Found an ornate altar of the Wu Jian Council.
  4790 | D:5      | Entered Level 5 of the Dungeon
  4835 | D:5      | Reached skill level 3 in Invocations
  4872 | D:5      | HP: 16/56 [ice beast (4)]
  4872 | D:5      | HP: 4/56 [ice beast (12)]
  4878 | D:5      | Reached XP level 8. HP: 49/63 MP: 12/12
  5101 | D:4      | Reached skill level 10 in Stealth
  5123 | D:5      | Got a translucent dagger
  5134 | D:5      | Identified the +2 dagger of Cuetigg {freeze, Dex+3} (You
                  | found it on level 5 of the Dungeon)
  5162 | D:5      | Reached skill level 4 in Short Blades
  5162 | D:5      | Reached skill level 3 in Long Blades
  5162 | D:5      | Reached skill level 3 in Axes
  5162 | D:5      | Reached skill level 3 in Maces & Flails
  5162 | D:5      | Reached skill level 3 in Polearms
  5162 | D:5      | Reached skill level 3 in Staves
  5162 | D:5      | Reached skill level 3 in Slings
  5162 | D:5      | Reached skill level 3 in Bows
  5162 | D:5      | Reached skill level 3 in Crossbows
  5162 | D:5      | Reached skill level 4 in Throwing
  5162 | D:5      | Reached skill level 3 in Armour
  5162 | D:5      | Reached skill level 4 in Dodging
  5162 | D:5      | Reached skill level 3 in Shields
  5162 | D:5      | Reached skill level 3 in Unarmed Combat
  5162 | D:5      | Reached skill level 3 in Spellcasting
  5162 | D:5      | Reached skill level 3 in Evocations
  5235 | Temple   | Entered the Ecumenical Temple
  5374 | D:5      | Found a snail-covered altar of Cheibriados.
  5396 | D:5      | Found a sparkling altar of Nemelex Xobeh.
  5419 | D:5      | Got a faintly glowing war axe
  5420 | D:5      | Identified the +8 war axe of Turmoil {freeze, rPois MR+++
                  | Str-5 Stlth+} (You found it on level 5 of the Dungeon)
  6045 | D:6      | Found a white marble altar of Elyvilon.
  6390 | D:6      | Reached skill level 3 in Conjurations
  6390 | D:6      | Reached skill level 3 in Hexes
  6390 | D:6      | Reached skill level 3 in Charms
  6390 | D:6      | Reached skill level 3 in Summonings
  6390 | D:6      | Reached skill level 3 in Necromancy
  6390 | D:6      | Reached skill level 3 in Translocations
  6390 | D:6      | Reached skill level 3 in Transmutations
  6390 | D:6      | Reached skill level 3 in Fire Magic
  6390 | D:6      | Reached skill level 3 in Ice Magic
  6390 | D:6      | Reached skill level 3 in Air Magic
  6390 | D:6      | Reached skill level 3 in Earth Magic
  6390 | D:6      | Reached skill level 3 in Poison Magic
  6390 | D:6      | Reached skill level 4 in Invocations
  6446 | D:6      | Found a glowing golden altar of the Shining One.
  6447 | D:6      | Found an ancient bone altar of Kikubaaqudgha.
  6454 | D:6      | Became a worshipper of the Shining One
  6591 | D:6      | You fall through a shaft!
  6683 | D:6      | Reached skill level 6 in Fighting
  6683 | D:6      | Reached XP level 9. HP: 69/69 MP: 14/14
  6756 | D:6      | You fall through a shaft!
  6756 | D:7      | Found an iron altar of Okawaru.
  6756 | D:7      | Noticed Menkaure
  6756 | D:7      | Noticed a hornet
  6992 | D:7      | Reached skill level 4 in Long Blades
  6992 | D:7      | Reached skill level 4 in Axes
  6992 | D:7      | Reached skill level 4 in Maces & Flails
  6992 | D:7      | Reached skill level 4 in Polearms
  6992 | D:7      | Reached skill level 4 in Staves
  6992 | D:7      | Reached skill level 4 in Slings
  6992 | D:7      | Reached skill level 4 in Bows
  6992 | D:7      | Reached skill level 4 in Crossbows
  6992 | D:7      | Reached skill level 4 in Armour
  6992 | D:7      | Reached skill level 4 in Shields
  6992 | D:7      | Reached skill level 4 in Unarmed Combat
  6992 | D:7      | Reached skill level 4 in Spellcasting
  6992 | D:7      | Reached skill level 4 in Evocations
  7086 | D:6      | Found a bloodstained altar of Trog.
  7122 | D:6      | Found a runed door.
  7126 | D:6      | Noticed Crazy Yiuf
  7130 | D:6      | Killed Crazy Yiuf
  7130 | D:6      | Reached skill level 5 in Short Blades
  7130 | D:6      | Reached skill level 5 in Throwing
  7130 | D:6      | Reached skill level 5 in Dodging
  7452 | D:7      | Killed a hornet
  7591 | D:7      | Reached skill level 5 in Invocations
  7684 | D:7      | Noticed Joseph
  7684 | D:7      | Reached * piety under the Shining One
  7693 | D:7      | Killed Joseph
  7698 | D:7      | Reached XP level 10. HP: 67/77 MP: 17/17
  7830 | D:7      | Found a burning altar of Makhleb.
  7831 | D:7      | Found a shimmering altar of Xom.
  7833 | D:7      | Cast into level 1 of the Abyss (crimson imp)
  7880 | Abyss:1  | Reached skill level 4 in Conjurations
  7880 | Abyss:1  | Reached skill level 4 in Hexes
  7880 | Abyss:1  | Reached skill level 4 in Charms
  7880 | Abyss:1  | Reached skill level 4 in Summonings
  7880 | Abyss:1  | Reached skill level 4 in Necromancy
  7880 | Abyss:1  | Reached skill level 4 in Translocations
  7880 | Abyss:1  | Reached skill level 4 in Transmutations
  7880 | Abyss:1  | Reached skill level 4 in Fire Magic
  7880 | Abyss:1  | Reached skill level 4 in Ice Magic
  7880 | Abyss:1  | Reached skill level 4 in Air Magic
  7880 | Abyss:1  | Reached skill level 4 in Earth Magic
  7880 | Abyss:1  | Reached skill level 4 in Poison Magic
  7883 | Abyss:1  | Reached skill level 5 in Long Blades
  7883 | Abyss:1  | Reached skill level 5 in Axes
  7883 | Abyss:1  | Reached skill level 5 in Maces & Flails
  7883 | Abyss:1  | Reached skill level 5 in Polearms
  7883 | Abyss:1  | Reached skill level 5 in Staves
  7883 | Abyss:1  | Reached skill level 5 in Slings
  7883 | Abyss:1  | Reached skill level 5 in Bows
  7883 | Abyss:1  | Reached skill level 5 in Crossbows
  7883 | Abyss:1  | Reached skill level 5 in Armour
  7883 | Abyss:1  | Reached skill level 5 in Shields
  7883 | Abyss:1  | Reached skill level 5 in Unarmed Combat
  7883 | Abyss:1  | Reached skill level 5 in Spellcasting
  7883 | Abyss:1  | Reached skill level 5 in Evocations
  7889 | D:7      | Escaped the Abyss
  8323 | D:7      | Reached skill level 7 in Fighting
  8762 | D:8      | Reached ** piety under the Shining One
  9037 | D:8      | Reached skill level 6 in Short Blades
  9037 | D:8      | Reached skill level 6 in Throwing
  9037 | D:8      | Reached skill level 6 in Dodging
  9364 | D:9      | Noticed a two-headed ogre
  9365 | D:9      | Noticed a two-headed ogre
  9370 | D:8      | Killed a two-headed ogre
  9370 | D:8      | Reached skill level 6 in Invocations
  9883 | D:9      | Reached skill level 11 in Stealth
  9977 | D:9      | Killed a two-headed ogre
  9977 | D:9      | Reached XP level 11. HP: 55/84 MP: 16/19
 10313 | D:9      | Found an opulent altar of Gozag.
 10357 | D:9      | Reached skill level 6 in Long Blades
 10357 | D:9      | Reached skill level 6 in Axes
 10357 | D:9      | Reached skill level 6 in Maces & Flails
 10357 | D:9      | Reached skill level 6 in Polearms
 10357 | D:9      | Reached skill level 6 in Staves
 10357 | D:9      | Reached skill level 6 in Slings
 10357 | D:9      | Reached skill level 6 in Bows
 10357 | D:9      | Reached skill level 6 in Crossbows
 10357 | D:9      | Reached skill level 6 in Armour
 10357 | D:9      | Reached skill level 6 in Shields
 10357 | D:9      | Reached skill level 6 in Unarmed Combat
 10357 | D:9      | Reached skill level 6 in Spellcasting
 10357 | D:9      | Reached skill level 6 in Evocations
 10387 | D:9      | Reached skill level 5 in Conjurations
 10387 | D:9      | Reached skill level 5 in Hexes
 10387 | D:9      | Reached skill level 5 in Charms
 10387 | D:9      | Reached skill level 5 in Summonings
 10387 | D:9      | Reached skill level 5 in Necromancy
 10387 | D:9      | Reached skill level 5 in Translocations
 10387 | D:9      | Reached skill level 5 in Transmutations
 10387 | D:9      | Reached skill level 5 in Fire Magic
 10387 | D:9      | Reached skill level 5 in Ice Magic
 10387 | D:9      | Reached skill level 5 in Air Magic
 10387 | D:9      | Reached skill level 5 in Earth Magic
 10387 | D:9      | Reached skill level 5 in Poison Magic
 10406 | D:9      | Found Ilyacegg's Distillery.
 10421 | D:9      | Bought a potion of curing for 36 gold pieces
 10421 | D:9      | Bought a potion of resistance for 120 gold pieces
 10421 | D:9      | Bought a potion of haste for 120 gold pieces
 10421 | D:9      | Bought a potion of curing for 36 gold pieces
 10578 | D:9      | Found a hazy altar of Hepliaklqana.
 10629 | D:9      | Noticed Blork the orc
 10638 | D:9      | Killed Blork the orc
 10642 | D:9      | Found a deep blue altar of Sif Muna.
 10724 | D:10     | Entered Level 10 of the Dungeon
 11017 | D:10     | Noticed a two-headed ogre
 11074 | D:9      | HP: 22/85 [two-headed ogre/+0 giant spiked club (10)]
 11387 | D:9      | Killed a two-headed ogre
 11502 | D:10     | Found a staircase to the Orcish Mines.
 11732 | D:10     | Reached skill level 7 in Invocations
 11878 | D:10     | Reached skill level 8 in Fighting
 11878 | D:10     | Reached skill level 7 in Short Blades
 11878 | D:10     | Reached skill level 7 in Throwing
 11878 | D:10     | Reached skill level 7 in Dodging
 12001 | D:10     | Reached *** piety under the Shining One
 12020 | D:10     | Identified the +0 ring mail of Trog's Supremacy {+Blink
                  | rF+}
 12247 | D:10     | Found a large runed door.
 12247 | D:10     | Found a large runed door.
 12251 | D:10     | Noticed Xoff's ghost (journeyman OpAs)
 12387 | D:10     | Noticed Fannar
 12446 | D:10     | Found a staircase to the Lair.
 12460 | D:10     | Killed Fannar
 12710 | D:10     | Noticed Erolcha
 12718 | D:10     | Killed Erolcha
 12718 | D:10     | Reached XP level 12. HP: 49/93 MP: 22/22
 12818 | Lair:1   | Entered Level 1 of the Lair of Beasts
 13189 | Lair:1   | Reached skill level 7 in Long Blades
 13189 | Lair:1   | Reached skill level 7 in Axes
 13189 | Lair:1   | Reached skill level 7 in Maces & Flails
 13189 | Lair:1   | Reached skill level 7 in Polearms
 13189 | Lair:1   | Reached skill level 7 in Staves
 13189 | Lair:1   | Reached skill level 7 in Slings
 13189 | Lair:1   | Reached skill level 7 in Bows
 13189 | Lair:1   | Reached skill level 7 in Crossbows
 13189 | Lair:1   | Reached skill level 7 in Armour
 13189 | Lair:1   | Reached skill level 7 in Shields
 13189 | Lair:1   | Reached skill level 7 in Unarmed Combat
 13189 | Lair:1   | Reached skill level 7 in Spellcasting
 13189 | Lair:1   | Reached skill level 7 in Evocations
 13241 | Lair:1   | Noticed a five-headed hydra
 13260 | Lair:1   | Killed a five-headed hydra
 13271 | Lair:1   | Noticed Gastronok
 13298 | Lair:1   | Killed Gastronok
 13298 | Lair:1   | Reached skill level 6 in Conjurations
 13298 | Lair:1   | Reached skill level 6 in Hexes
 13298 | Lair:1   | Reached skill level 6 in Charms
 13298 | Lair:1   | Reached skill level 6 in Summonings
 13298 | Lair:1   | Reached skill level 6 in Necromancy
 13298 | Lair:1   | Reached skill level 6 in Translocations
 13298 | Lair:1   | Reached skill level 6 in Transmutations
 13298 | Lair:1   | Reached skill level 6 in Fire Magic
 13298 | Lair:1   | Reached skill level 6 in Ice Magic
 13298 | Lair:1   | Reached skill level 6 in Air Magic
 13298 | Lair:1   | Reached skill level 6 in Earth Magic
 13298 | Lair:1   | Reached skill level 6 in Poison Magic
 13415 | Lair:1   | Reached skill level 8 in Invocations
 14635 | Lair:2   | Noticed an eight-headed hydra
 14653 | Lair:2   | HP: 20/94 [eight-headed hydra (10)]
 14654 | Lair:2   | Killed an eight-headed hydra
 14654 | Lair:2   | Reached skill level 8 in Short Blades
 14654 | Lair:2   | Reached skill level 8 in Throwing
 14654 | Lair:2   | Reached skill level 8 in Dodging
 15141 | Lair:2   | Noticed Erica
 15154 | Lair:2   | Killed Erica
 15165 | Lair:2   | Reached skill level 9 in Fighting
 15332 | Lair:2   | Reached skill level 12 in Stealth
 15420 | Lair:2   | Noticed Harold
 15436 | Lair:2   | Killed Harold
 15436 | Lair:2   | Reached XP level 13. HP: 101/101 MP: 21/24
 16217 | Lair:3   | Reached skill level 8 in Long Blades
 16217 | Lair:3   | Reached skill level 8 in Axes
 16217 | Lair:3   | Reached skill level 8 in Maces & Flails
 16217 | Lair:3   | Reached skill level 8 in Polearms
 16217 | Lair:3   | Reached skill level 8 in Staves
 16217 | Lair:3   | Reached skill level 8 in Slings
 16217 | Lair:3   | Reached skill level 8 in Bows
 16217 | Lair:3   | Reached skill level 8 in Crossbows
 16217 | Lair:3   | Reached skill level 8 in Armour
 16217 | Lair:3   | Reached skill level 8 in Shields
 16217 | Lair:3   | Reached skill level 8 in Unarmed Combat
 16217 | Lair:3   | Reached skill level 8 in Spellcasting
 16217 | Lair:3   | Reached skill level 8 in Evocations
 16245 | Lair:3   | Noticed Urug
 16302 | Lair:3   | HP: 24/101 [Urug/+2 eveningstar of protection (19)]
 16304 | Lair:3   | Killed Urug
 16651 | Lair:3   | Found a staircase to the Shoals.
 17067 | Lair:4   | Reached **** piety under the Shining One
 17069 | Lair:4   | Found a frozen archway.
 17091 | IceCv    | Entered an ice cave
 17230 | IceCv    | HP: 26/101 [polar bear (11)]
 17693 | IceCv    | Reached skill level 9 in Invocations
 18350 | IceCv    | Reached skill level 7 in Conjurations
 18350 | IceCv    | Reached skill level 7 in Hexes
 18350 | IceCv    | Reached skill level 7 in Charms
 18350 | IceCv    | Reached skill level 7 in Summonings
 18350 | IceCv    | Reached skill level 7 in Necromancy
 18350 | IceCv    | Reached skill level 7 in Translocations
 18350 | IceCv    | Reached skill level 7 in Transmutations
 18350 | IceCv    | Reached skill level 7 in Fire Magic
 18350 | IceCv    | Reached skill level 7 in Ice Magic
 18350 | IceCv    | Reached skill level 7 in Air Magic
 18350 | IceCv    | Reached skill level 7 in Earth Magic
 18350 | IceCv    | Reached skill level 7 in Poison Magic
 18704 | IceCv    | Noticed a frost giant
 18736 | IceCv    | Killed a frost giant
 18972 | IceCv    | Got a faintly humming ring mail
 19013 | IceCv    | Identified the +5 ring mail of a Million Dreams {rElec
                  | rPois Int+4} (You found it in an ice cave)
 19167 | Lair:4   | Reached skill level 9 in Short Blades
 19167 | Lair:4   | Reached skill level 9 in Throwing
 19167 | Lair:4   | Reached skill level 9 in Dodging
 19180 | Lair:4   | Found a hole to the Spider Nest.
 19649 | Lair:5   | Reached XP level 14. HP: 39/109 MP: 26/26
 20453 | Lair:6   | Entered Level 6 of the Lair of Beasts
 20526 | Lair:6   | Found a viscous altar of Jiyva.
 20526 | Lair:6   | Found a staircase to the Slime Pits.
 20713 | Lair:6   | HP: 30/109 [rime drake/flash freeze (14)]
 20719 | Lair:6   | HP: 19/109 [rime drake/flash freeze (13)]
 20737 | Lair:6   | HP: 17/109 [black mamba (7)]
 20738 | Lair:6   | HP: 7/109 [black mamba (11)]
 20768 | Lair:6   | HP: 11/109 [black bear (3)]
 20789 | Lair:6   | HP: 9/109 [fire dragon/blast of flame (27)]
 20794 | Lair:6   | HP: 40/163 [fire dragon (1)]
 20798 | Lair:6   | Reached skill level 10 in Fighting
 21733 | Lair:6   | Reached skill level 9 in Long Blades
 21733 | Lair:6   | Reached skill level 9 in Axes
 21733 | Lair:6   | Reached skill level 9 in Maces & Flails
 21733 | Lair:6   | Reached skill level 9 in Polearms
 21733 | Lair:6   | Reached skill level 9 in Staves
 21733 | Lair:6   | Reached skill level 9 in Slings
 21733 | Lair:6   | Reached skill level 9 in Bows
 21733 | Lair:6   | Reached skill level 9 in Crossbows
 21733 | Lair:6   | Reached skill level 9 in Armour
 21733 | Lair:6   | Reached skill level 9 in Shields
 21733 | Lair:6   | Reached skill level 9 in Unarmed Combat
 21733 | Lair:6   | Reached skill level 9 in Spellcasting
 21733 | Lair:6   | Reached skill level 9 in Evocations
 22678 | Lair:5   | Reached skill level 10 in Invocations
 23335 | Lair:5   | HP: 28/110 [catoblepas (6)]
 23342 | Lair:5   | HP: 24/110 [catoblepas/blast of calcifying dust (6)]
 24842 | Orc:1    | Entered Level 1 of the Orcish Mines
 25306 | Orc:1    | HP: 30/111 [orc warrior/+0 trident (4)]
 25309 | Orc:1    | Reached skill level 13 in Stealth
 25811 | Orc:1    | Reached skill level 8 in Conjurations
 25811 | Orc:1    | Reached skill level 8 in Hexes
 25811 | Orc:1    | Reached skill level 8 in Charms
 25811 | Orc:1    | Reached skill level 8 in Summonings
 25811 | Orc:1    | Reached skill level 8 in Necromancy
 25811 | Orc:1    | Reached skill level 8 in Translocations
 25811 | Orc:1    | Reached skill level 8 in Transmutations
 25811 | Orc:1    | Reached skill level 8 in Fire Magic
 25811 | Orc:1    | Reached skill level 8 in Ice Magic
 25811 | Orc:1    | Reached skill level 8 in Air Magic
 25811 | Orc:1    | Reached skill level 8 in Earth Magic
 25811 | Orc:1    | Reached skill level 8 in Poison Magic
 26073 | Orc:1    | Noticed Maurice
 26078 | Orc:1    | Noticed Maurice
 26078 | Orc:1    | Maurice changed into Maurice the rime drake
 26082 | Orc:1    | Killed Maurice the rime drake
 26082 | Orc:1    | Reached XP level 15. HP: 100/117 MP: 28/28
 26367 | Orc:2    | Entered Level 2 of the Orcish Mines
 26388 | Orc:1    | HP: 35/117 [poisoned by an orc warrior]
 26393 | Orc:1    | HP: 33/117 [poisoned by an orc warrior]
 26398 | Orc:1    | HP: 31/117 [poisoned by an orc warrior]
 26403 | Orc:1    | HP: 31/117 [poisoned by an orc warrior]
 26410 | Orc:1    | HP: 31/117 [poisoned by an orc warrior]
 26418 | Orc:1    | HP: 31/117 [poisoned by an orc warrior]
 26951 | Orc:2    | Reached ***** piety under the Shining One
 26985 | Orc:2    | Found a staircase to the Elven Halls.
 27238 | Orc:2    | Reached skill level 10 in Short Blades
 27238 | Orc:2    | Reached skill level 10 in Throwing
 27238 | Orc:2    | Reached skill level 10 in Dodging
 27378 | Orc:2    | Found Ulai's Magic Scroll Emporium.
 29084 | Orc:2    | HP: 32/117 [orc warrior/+0 glaive (14)]
 29469 | Orc:2    | Found Soqijaus's Food Boutique.
 29472 | Orc:2    | Found Jula's Antique Weapon Boutique.
 29473 | Orc:2    | Found Hibised's Gadget Boutique.
 29474 | Orc:2    | Found Esuubluo's Antique Armour Shop.
 29484 | Orc:2    | Bought a pair of gloves for 171 gold pieces
 29492 | Orc:2    | Bought a bone great sword for 299 gold pieces
 29493 | Orc:2    | Identified the +4 great sword "Olulam" {slice, Str+5} (You
                  | bought it in a shop on level 2 of the Orcish Mines)
 29664 | D:11     | Reached ****** piety under the Shining One
 30186 | D:11     | Reached skill level 10 in Long Blades
 30186 | D:11     | Reached skill level 10 in Axes
 30186 | D:11     | Reached skill level 10 in Maces & Flails
 30186 | D:11     | Reached skill level 10 in Polearms
 30186 | D:11     | Reached skill level 10 in Staves
 30186 | D:11     | Reached skill level 10 in Slings
 30186 | D:11     | Reached skill level 10 in Bows
 30186 | D:11     | Reached skill level 10 in Crossbows
 30186 | D:11     | Reached skill level 10 in Armour
 30186 | D:11     | Reached skill level 10 in Shields
 30186 | D:11     | Reached skill level 10 in Unarmed Combat
 30186 | D:11     | Reached skill level 10 in Spellcasting
 30186 | D:11     | Reached skill level 10 in Evocations
 30495 | D:12     | Noticed EnegeticOcto's ghost (journeyman HuSk)
 30969 | D:12     | Found a runed gate.
 30969 | D:12     | Found a runed gate.
 30969 | D:12     | Found a runed gate.
 31029 | D:12     | Reached skill level 11 in Fighting
 31333 | D:12     | Killed EnegeticOcto's ghost
 32033 | D:10     | Killed Xoff's ghost
 32033 | D:10     | Reached skill level 11 in Invocations
 32216 | Lair:1   | HP: 33/118 [oklob plant/splash of acid (11)]
 33346 | D:13     | Reached XP level 16. HP: 94/125 MP: 30/30
 33501 | D:13     | Found a gate to the Vaults.
 34086 | D:13     | Found Vairug's Assorted Antiques.
 34111 | D:13     | Bought an agate ring for 155 gold pieces
 34196 | D:14     | Found a flagged portal.
 34209 | Bailey   | Entered a bailey
 34674 | Bailey   | Reached skill level 9 in Conjurations
 34674 | Bailey   | Reached skill level 9 in Hexes
 34674 | Bailey   | Reached skill level 9 in Charms
 34674 | Bailey   | Reached skill level 9 in Summonings
 34674 | Bailey   | Reached skill level 9 in Necromancy
 34674 | Bailey   | Reached skill level 9 in Translocations
 34674 | Bailey   | Reached skill level 9 in Transmutations
 34674 | Bailey   | Reached skill level 9 in Fire Magic
 34674 | Bailey   | Reached skill level 9 in Ice Magic
 34674 | Bailey   | Reached skill level 9 in Air Magic
 34674 | Bailey   | Reached skill level 9 in Earth Magic
 34674 | Bailey   | Reached skill level 9 in Poison Magic
 34674 | Bailey   | Reached XP level 17. HP: 131/131 MP: 31/31
 34716 | D:14     | Noticed Nessos
 34724 | D:14     | Killed Nessos
 34724 | D:14     | Reached skill level 11 in Short Blades
 34724 | D:14     | Reached skill level 11 in Throwing
 34724 | D:14     | Reached skill level 11 in Dodging
 34741 | D:14     | HP: 39/131 [acid (6)]
 35027 | D:14     | HP: 35/131 [phantasmal warrior[a death knight] (23)]
 35034 | D:14     | HP: 21/131 [phantasmal warrior[a death knight] (3)]
 36140 | D:15     | Entered Level 15 of the Dungeon
 37068 | D:15     | Reached skill level 11 in Long Blades
 37068 | D:15     | Reached skill level 11 in Axes
 37068 | D:15     | Reached skill level 11 in Maces & Flails
 37068 | D:15     | Reached skill level 11 in Polearms
 37068 | D:15     | Reached skill level 11 in Staves
 37068 | D:15     | Reached skill level 11 in Slings
 37068 | D:15     | Reached skill level 11 in Bows
 37068 | D:15     | Reached skill level 11 in Crossbows
 37068 | D:15     | Reached skill level 11 in Armour
 37068 | D:15     | Reached skill level 11 in Shields
 37068 | D:15     | Reached skill level 11 in Unarmed Combat
 37068 | D:15     | Reached skill level 11 in Spellcasting
 37068 | D:15     | Reached skill level 11 in Evocations
 37317 | D:15     | Reached skill level 14 in Stealth
 37318 | D:15     | Found a staircase to the Depths.
 37524 | D:15     | Found a runed door.
 37793 | D:15     | HP: 22/133 [fire giant/bolt of fire (19)]
 38290 | D:15     | Reached skill level 12 in Invocations
 38607 | Spider:1 | Entered Level 1 of the Spider Nest
 38942 | Spider:1 | Noticed Azrael
 38952 | Spider:1 | Killed Azrael
 38952 | Spider:1 | Reached skill level 12 in Fighting
 39441 | Spider:1 | Reached XP level 18. HP: 102/140 MP: 33/33
 39671 | Spider:1 | Found a runed gate.
 39671 | Spider:1 | Found a runed gate.
 39671 | Spider:1 | Found a runed gate.
 39671 | Spider:1 | Noticed Noreul's ghost (adept MiBe)
 39671 | Spider:1 | Noticed Noreul's ghost (adept MiBe)
 40277 | Spider:1 | Killed Noreul's ghost
 40297 | Spider:1 | Killed Noreul's ghost
 40668 | Spider:1 | HP: 41/140 [poisoned by a redback]
 40673 | Spider:1 | HP: 36/140 [poisoned by a redback]
 40678 | Spider:1 | HP: 33/140 [poisoned by a redback]
 40684 | Spider:1 | HP: 31/140 [poisoned by a redback]
 40691 | Spider:1 | HP: 30/140 [poisoned by a redback]
 40698 | Spider:1 | HP: 30/140 [poisoned by a redback]
 40706 | Spider:1 | HP: 31/140 [poisoned by a redback]
 42410 | Spider:2 | Learned a level 3 spell: Portal Projectile
 42412 | Spider:2 | Learned a level 1 spell: Apportation
 42415 | Spider:2 | Learned a level 2 spell: Blink
 42431 | Spider:2 | Learned a level 2 spell: Swiftness
 42435 | Spider:2 | Learned a level 3 spell: Conjure Flame
 42797 | Spider:2 | HP: 42/140 [entropy weaver (8)]
 42802 | Spider:2 | HP: 39/140 [poisoned by a soldier ant]
 42807 | Spider:2 | HP: 36/140 [poisoned by a soldier ant]
 42812 | Spider:2 | HP: 22/140 [jumping spider (1)]
 44399 | Spider:3 | HP: 32/141 [entropy weaver (14)]
 44399 | Spider:3 | HP: 15/141 [entropy weaver (17)]
 44399 | Spider:3 | HP: 5/141 [entropy weaver (10)]
 44400 | Spider:3 | Reached skill level 10 in Conjurations
 44400 | Spider:3 | Reached skill level 10 in Hexes
 44400 | Spider:3 | Reached skill level 10 in Charms
 44400 | Spider:3 | Reached skill level 10 in Summonings
 44400 | Spider:3 | Reached skill level 10 in Necromancy
 44400 | Spider:3 | Reached skill level 10 in Translocations
 44400 | Spider:3 | Reached skill level 10 in Transmutations
 44400 | Spider:3 | Reached skill level 10 in Fire Magic
 44400 | Spider:3 | Reached skill level 10 in Ice Magic
 44400 | Spider:3 | Reached skill level 10 in Air Magic
 44400 | Spider:3 | Reached skill level 10 in Earth Magic
 44400 | Spider:3 | Reached skill level 10 in Poison Magic
 44890 | Spider:3 | Found a runed gate.
 44890 | Spider:3 | Found a runed gate.
 44892 | Spider:3 | Found a runed gate.
 44894 | Spider:3 | Noticed Bimuummu's ghost (adept OpTm)
 44895 | Spider:3 | Noticed Zuproetha's ghost (adept DsWn)
 44895 | Spider:3 | Noticed Bimuummu's ghost (adept OpTm)
 44897 | Spider:3 | Found the +12 Vampire's Tooth {vamp}
 45377 | Shoals:1 | Entered Level 1 of the Shoals
 45589 | Lair:3   | Reached skill level 12 in Short Blades
 45589 | Lair:3   | Reached skill level 12 in Throwing
 45589 | Lair:3   | Reached skill level 12 in Dodging
 46587 | Shoals:1 | Found Toruzopp's Book Emporium.
 47031 | Shoals:2 | Noticed Ilsuiw
 47140 | Shoals:1 | Killed Ilsuiw
 47673 | Shoals:2 | Reached skill level 12 in Long Blades
 47673 | Shoals:2 | Reached skill level 12 in Axes
 47673 | Shoals:2 | Reached skill level 12 in Maces & Flails
 47673 | Shoals:2 | Reached skill level 12 in Polearms
 47673 | Shoals:2 | Reached skill level 12 in Staves
 47673 | Shoals:2 | Reached skill level 12 in Slings
 47673 | Shoals:2 | Reached skill level 12 in Bows
 47673 | Shoals:2 | Reached skill level 12 in Crossbows
 47673 | Shoals:2 | Reached skill level 12 in Armour
 47673 | Shoals:2 | Reached skill level 12 in Shields
 47673 | Shoals:2 | Reached skill level 12 in Unarmed Combat
 47673 | Shoals:2 | Reached skill level 12 in Spellcasting
 47673 | Shoals:2 | Reached skill level 12 in Evocations
 47698 | Shoals:2 | Reached XP level 19. HP: 117/148 MP: 35/35
 47955 | Shoals:2 | Reached skill level 13 in Invocations
 48057 | Shoals:2 | Learned a level 3 spell: Spectral Weapon
 49061 | Shoals:3 | Found a runed door.
 49061 | Shoals:3 | Noticed Nr616's ghost (adept MiBe)
 49075 | Shoals:3 | Killed Nr616's ghost
 49783 | Spider:4 | Entered Level 4 of the Spider Nest
 49812 | Spider:3 | HP: 44/148 [tarantella (9)]
 49818 | Spider:3 | HP: 41/148 [demonic crawler (2)]
 50541 | Spider:4 | Identified the +12 hunting sling of Tumult {freeze, rF+
                  | rC+} (You found it on level 4 of the Spider Nest)
 50815 | Spider:4 | Reached skill level 13 in Fighting
 51205 | Spider:4 | Noticed Arachne
 51554 | Spider:3 | Killed Arachne
 51773 | Spider:4 | Reached skill level 15 in Stealth
 51914 | Spider:4 | Found a runed gate.
 51914 | Spider:4 | Found a runed gate.
 51914 | Spider:4 | Found a runed gate.
 51914 | Spider:4 | Noticed Garbasso's ghost (adept TrMo)
 51949 | Spider:4 | Killed Garbasso's ghost
 53117 | Spider:4 | Got a gossamer rune of Zot
 53620 | Lair:1   | Identified a scroll of acquirement
 53743 | Shoals:4 | Entered Level 4 of the Shoals
 54461 | Shoals:4 | Reached XP level 20. HP: 74/156 MP: 36/36
 54464 | Shoals:4 | HP: 35/156 [satyr/arrow (25)]
 54466 | Shoals:4 | HP: 15/156 [merfolk javelineer/javelin of returning (6)]
 54466 | Shoals:4 | HP: 4/156 [satyr/arrow (11)]
 55421 | Shoals:4 | Identified the amulet of the Orange Skies {Reflect SH+6
                  | Stlth+}
 55426 | Shoals:4 | HP: 42/156 [merfolk javelineer/javelin (9)]
 56491 | Shoals:4 | Reached skill level 13 in Short Blades
 56491 | Shoals:4 | Reached skill level 13 in Throwing
 56491 | Shoals:4 | Reached skill level 13 in Dodging
 56742 | Shoals:4 | Reached skill level 11 in Conjurations
 56742 | Shoals:4 | Reached skill level 11 in Hexes
 56742 | Shoals:4 | Reached skill level 11 in Charms
 56742 | Shoals:4 | Reached skill level 11 in Summonings
 56742 | Shoals:4 | Reached skill level 11 in Necromancy
 56742 | Shoals:4 | Reached skill level 11 in Translocations
 56742 | Shoals:4 | Reached skill level 11 in Transmutations
 56742 | Shoals:4 | Reached skill level 11 in Fire Magic
 56742 | Shoals:4 | Reached skill level 11 in Ice Magic
 56742 | Shoals:4 | Reached skill level 11 in Air Magic
 56742 | Shoals:4 | Reached skill level 11 in Earth Magic
 56742 | Shoals:4 | Reached skill level 11 in Poison Magic
 57145 | Shoals:4 | Got a faintly glowing large shield
 57146 | Shoals:4 | Identified the cursed +0 large shield of the Lizard {Dex+4}
                  | (You found it on level 4 of the Shoals)
 57585 | Shoals:4 | Got a barnacled rune of Zot
 58048 | Vaults:1 | Entered Level 1 of the Vaults
 58891 | Vaults:1 | Reached skill level 14 in Invocations
 59052 | Vaults:1 | Reached skill level 13 in Long Blades
 59052 | Vaults:1 | Reached skill level 13 in Axes
 59052 | Vaults:1 | Reached skill level 13 in Maces & Flails
 59052 | Vaults:1 | Reached skill level 13 in Polearms
 59052 | Vaults:1 | Reached skill level 13 in Staves
 59052 | Vaults:1 | Reached skill level 13 in Slings
 59052 | Vaults:1 | Reached skill level 13 in Bows
 59052 | Vaults:1 | Reached skill level 13 in Crossbows
 59052 | Vaults:1 | Reached skill level 13 in Armour
 59052 | Vaults:1 | Reached skill level 13 in Shields
 59052 | Vaults:1 | Reached skill level 13 in Unarmed Combat
 59052 | Vaults:1 | Reached skill level 13 in Spellcasting
 59052 | Vaults:1 | Reached skill level 13 in Evocations
 61271 | Vaults:2 | HP: 46/158 [freezing wraith (12)]
 61293 | Vaults:2 | Reached XP level 21. HP: 69/164 MP: 38/38
 61987 | Vaults:2 | Noticed Xtahua
 62001 | Vaults:2 | HP: 24/164 [Xtahua/searing blast (75)]
 62031 | Vaults:2 | Killed from afar by Xtahua

Vault maps used:
D:1:      sevenhm_arrival_forest_fort_large_1, dk_noncrumbling_3, minivault_5,
          xom_teletrap_fun
D:2:      gammafunk_temple_overflow_arena, cheibriados_altar_1,
          minmay_tromino_v4_c, uniq_jessica, uniq_terence
D:3:      lemuel_doored_altar, first_ration, nrook_uturn,
          cheibrodos_ashenzari_chains, uniq_sigmund
D:4:      lemuel_coloured_pillars_altar, minmay_temple_entry_trees,
          serial_shops, nicolae_shop_stone
D:5:      basic_altar, chequers_serial_rivers_large_b,
          nemelex_xobeh_ov_fountains_minmay
D:6:      trog_ov_bears_minmay, gammafunk_temple_overflow_pools,
          minmay_gold_behind_fungi, minmay_misc_feat_square, elyvilon_altar_4,
          uniq_crazy_yiuf_cottage
D:7:      grunt_temple_overflow_champion_of_chaos, okawaru_metal_pillars_1_2,
          uniq_menkaure, uniq_joseph
D:9:      kennysheep_mini, marbit_many_paths, tgw_sif, serial_shops, shop,
          serial_glass, glass_columns_c, glass_columns_a, glass_columns_b,
          glass_columns_a, glass_columns_b, glass_columns_a, glass_columns_c,
          glass_columns_a
D:10:     lair_entry_dummy, david_orc_1_choice, ebering_ghost_disaster_area,
          uniq_erolcha, uniq_fannar
D:12:     maelrawn_ghost_labyrinth_escape, hangedman_pestilent_swarm,
          amethyst_killhole, grunt_ministairs_8, kennysheep_small_spiral
D:13:     grunt_vaults_entry_tiered, serial_shops, shop
D:14:     enter_bailey_6, uniq_nessos
D:15:     grunt_enter_depths_hoard, serial_glass, glass_columns_c,
          glass_columns_b, glass_columns_b, glass_columns_c, item_on_display_a,
          minmay_strange_pillars, item_on_display_a, feat_on_display,
          hangedman_decor_diamond_cutter, lightli_airlock
Temple:   corrupted_temple
Lair:1:   minmay_lair_oklob_chamber, uniq_gastronok
Lair:2:   pond, uniq_erica, uniq_harold
Lair:3:   elwin_shoals_entry_rocks, st_stairs_5, infiniplex_staircase_pool_2,
          uniq_urug
Lair:4:   spider_nest_entry_rubble, portal_ice_cave_entry_imps,
          serial_bayou_shore_b
Lair:5:   st_stairs_9
Lair:6:   grunt_lair_end_beastmaster, slime_altar_1, st_stairs_12,
          chequers_serial_rivers_large_a, bobbens_dragon_lair_wall
Shoals:1: serial_shops, nicolae_shop_competitors_out_of_business
Shoals:2: cheibrodos_shoals_gigantism, uniq_ilsuiw
Shoals:3: ebering_ghost_reflecting_pool
Shoals:4: shoals_end_grunt_garden, shoal_ilsuiw, ldierk_geyser
Spider:1: gammafunk_ghost_cemetery, uniq_azrael
Spider:2: nicolae_spider_webs_and_nodes, minivault_29
Spider:3: gammafunk_ghost_cemetery
Spider:4: johnstein_spider_rune_arachne_lair, gammafunk_ghost_necromancy
Orc:1:    hangedman_minor_magic, uniq_maurice
Orc:2:    st_orc_pillars, serial_shops, shop, mines3_lemuel
Vaults:1: v_misc_14, grunt_vaults_trifunnel, v_misc_17,
          ontoclasm_vaults_ring_square, nicolae_vaults_little_squares_6,
          vaults_dpeg_ring, v_misc_9, vaults_mumra_minichess,
          hangedman_vaults_capsules, v_misc_3, v_misc_15,
          nicolae_vaults_little_ls, special_room_vaults, vaults_room_boxed
Vaults:2: nicolae_vaults_border_crossing, vaults_room_fancy_cross,
          nicolae_vaults_meeting, blue_anna_dwarven_crypt,
          nicolae_vaults_big_angled_halls, vaults_dpeg_cross,
          nicolae_vaults_circle_grid_b, vaults_dpeg_diagonal, uniq_xtahua
Bailey:   bailey_axe_2, bailey
IceCv:    ice_cave_caverns_02

Skill      XL: |  1  2  3  4  5  6  7  8  9 10 11 12 13 14 15 16 17 18 19 20 |
---------------+-------------------------------------------------------------+-----
Stealth        | 10 11 12 13 14 15 | 15.7
Invocations    | 1 2 3 4 5 6 7 8 9 10 11 12 13 14 | 14.3
Long Blades    | 1 2 3 4 5 6 7 8 9 10 11 12 13 | 13.3
Axes           | 1 2 3 4 5 6 7 8 9 10 11 12 13 | 13.3
Maces & Flails | 1 2 3 4 5 6 7 8 9 10 11 12 13 | 13.3
Polearms       | 1 2 3 4 5 6 7 8 9 10 11 12 13 | 13.3
Staves         | 1 2 3 4 5 6 7 8 9 10 11 12 13 | 13.3
Slings         | 1 2 3 4 5 6 7 8 9 10 11 12 13 | 13.3
Bows           | 1 2 3 4 5 6 7 8 9 10 11 12 13 | 13.3
Crossbows      | 1 2 3 4 5 6 7 8 9 10 11 12 13 | 13.3
Armour         | 1 2 3 4 5 6 7 8 9 10 11 12 13 | 13.3
Shields        | 1 2 3 4 5 6 7 8 9 10 11 12 13 | 13.3
Unarmed Combat | 1 2 3 4 5 6 7 8 9 10 11 12 13 | 13.3
Spellcasting   | 1 2 3 4 5 6 7 8 9 10 11 12 13 | 13.3
Evocations     | 1 2 3 4 5 6 7 8 9 10 11 12 13 | 13.3
Conjurations   | 1 2 3 4 5 6 7 8 9 10 11 | 11.4
Hexes          | 1 2 3 4 5 6 7 8 9 10 11 | 11.4
Charms         | 1 2 3 4 5 6 7 8 9 10 11 | 11.4
Summonings     | 1 2 3 4 5 6 7 8 9 10 11 | 11.4
Necromancy     | 1 2 3 4 5 6 7 8 9 10 11 | 11.4
Translocations | 1 2 3 4 5 6 7 8 9 10 11 | 11.4
Transmutations | 1 2 3 4 5 6 7 8 9 10 11 | 11.4
Fire Magic     | 1 2 3 4 5 6 7 8 9 10 11 | 11.4
Ice Magic      | 1 2 3 4 5 6 7 8 9 10 11 | 11.4
Air Magic      | 1 2 3 4 5 6 7 8 9 10 11 | 11.4
Earth Magic    | 1 2 3 4 5 6 7 8 9 10 11 | 11.4
Poison Magic   | 1 2 3 4 5 6 7 8 9 10 11 | 11.4
Short Blades   | 3 4 5 6 7 8 9 10 11 12 13 | 13.5
Throwing       | 3 4 5 6 7 8 9 10 11 12 13 | 13.5
Dodging        | 3 4 5 6 7 8 9 10 11 12 13 | 13.5
Fighting       | 5 6 7 8 9 10 11 12 13 | 13.9

Action                   |  1- 3 |  4- 6 |  7- 9 | 10-12 | 13-15 | 16-18 | 19-21 || total
-------------------------+-------+-------+-------+-------+-------+-------+-------++-------
Melee: Dagger            |   134 |   273 |       |       |       |       |       ||   407
       Bite              |    11 |    48 |    36 |    61 |   195 |   187 |   231 ||   769
       Mace              |       |    13 |     1 |       |       |       |       ||    14
       War axe           |       |    10 |   139 |   585 |  1367 |  1293 |  1137 ||  4531
       Punch             |       |     2 |       |       |       |       |       ||     2
       Flail             |       |       |   152 |    11 |       |       |       ||   163
       Scimitar          |       |       |       |       |     3 |     5 |       ||     8
Throw: Stone             |     5 |     1 |       |       |       |       |       ||     6
       Javelin           |       |    15 |    11 |     5 |    39 |     4 |    59 ||   133
       Tomahawk          |       |       |    17 |    39 |    62 |   225 |   208 ||   551
       Throwing net      |       |       |       |     1 |     1 |       |     1 ||     3
 Cast: Apportation       |       |       |       |       |       |     3 |    10 ||    13
       Blink             |       |       |       |       |       |       |     8 ||     8
       Conjure Flame     |       |       |       |       |       |       |     7 ||     7
       Swiftness         |       |       |       |       |       |       |     2 ||     2
       Spectral Weapon   |       |       |       |       |       |       |     1 ||     1
Invok: Divine Shield     |       |       |       |     8 |     5 |     5 |     9 ||    27
       Cleansing Flame   |       |       |       |       |     1 |       |       ||     1
       Summon Divine War |       |       |       |       |       |     1 |     3 ||     4
 Abil: Evoke Berserk Rag |       |       |     1 |     2 |     2 |       |       ||     5
       Evoke Flight      |       |       |       |     1 |     1 |     1 |     2 ||     5
Evoke: Wand              |       |       |     1 |     6 |    11 |     7 |    23 ||    48
       Phial of floods   |       |       |       |       |     1 |       |       ||     1
  Use: Potion            |     2 |       |     1 |       |     4 |     2 |     3 ||    12
       Scroll            |     7 |     5 |     7 |     2 |    11 |     6 |     8 ||    46
 Stab: Sleeping          |     5 |       |       |       |       |       |       ||     5
  Eat: Chunk             |     1 |     6 |    13 |    24 |    50 |    34 |    42 ||   170
       Ration            |       |     1 |       |     2 |     3 |     4 |     2 ||    12
Armor: Robe              |    10 |       |       |       |       |       |       ||    10
       Skin              |    18 |       |       |       |       |       |       ||    18
       Plate armour      |    45 |   199 |   229 |   320 |   608 |   661 |   396 ||  2458
       Crystal plate arm |       |       |       |       |       |       |   163 ||   163
Dodge: Dodged            |    54 |    88 |    76 |   203 |   528 |   749 |   624 ||  2322
Block: Buckler           |       |       |    71 |   190 |   451 |   551 |   705 ||  1968
       Reflection        |       |       |       |       |       |       |    53 ||    53

Table legend:
 A = Non-vault XP
 B = Vault XP
 C = Vault XP percentage of total XP
 D = Non-vault monster count
 E = Vault monster count
 F = Vault count percentage of total count
                 A         B        C        D         E       F
            +---------+---------+-------+---------+---------+-------
      Total |  247733 |  200182 |  44.7 |    1004 |     576 |  36.5
            +---------+---------+-------+---------+---------+-------
        D:1 |      33 |       4 |  10.8 |      22 |       3 |  12.0
        D:2 |     130 |     183 |  58.5 |      23 |       7 |  23.3
        D:3 |     380 |     167 |  30.5 |      31 |       1 |   3.1
        D:4 |     356 |       0 |   0.0 |      15 |       0 |   0.0
        D:5 |     881 |       0 |   0.0 |      19 |       0 |   0.0
        D:6 |     496 |     296 |  37.4 |       8 |       3 |  27.3
        D:7 |    2273 |     495 |  17.9 |      37 |       2 |   5.1
        D:8 |    2063 |       0 |   0.0 |      15 |       0 |   0.0
        D:9 |    4575 |    1013 |  18.1 |      38 |      28 |  42.4
       D:10 |    2812 |    3258 |  53.7 |      29 |      10 |  25.6
       D:11 |    5123 |       0 |   0.0 |      42 |       0 |   0.0
       D:12 |    4212 |    5130 |  54.9 |      26 |      13 |  33.3
       D:13 |   11838 |    9091 |  43.4 |      51 |      26 |  33.8
       D:14 |   11032 |    1269 |  10.3 |      31 |       1 |   3.1
       D:15 |   13615 |    8919 |  39.6 |      36 |      13 |  26.5
     Lair:1 |    4609 |    5879 |  56.1 |      24 |       9 |  27.3
     Lair:2 |    3223 |    2947 |  47.8 |      12 |       8 |  40.0
     Lair:3 |    6878 |    1236 |  15.2 |      29 |       3 |   9.4
     Lair:4 |    2513 |     430 |  14.6 |      13 |      13 |  50.0
     Lair:5 |    2625 |    6039 |  69.7 |       3 |      10 |  76.9
     Lair:6 |    9318 |   11354 |  54.9 |      33 |      28 |  45.9
   Shoals:1 |   18451 |    3459 |  15.8 |      39 |       5 |  11.4
   Shoals:2 |   14478 |    5996 |  29.3 |      32 |       5 |  13.5
   Shoals:3 |   11268 |    6099 |  35.1 |      27 |       7 |  20.6
   Shoals:4 |    7549 |   19295 |  71.9 |      17 |      28 |  62.2
   Spider:1 |   19808 |    5044 |  20.3 |      61 |       8 |  11.6
   Spider:2 |   12116 |    8054 |  39.9 |      38 |      45 |  54.2
   Spider:3 |   12989 |    5736 |  30.6 |      44 |       9 |  17.0
   Spider:4 |   16825 |   30493 |  64.4 |      52 |      56 |  51.9
      Orc:1 |    3709 |    3307 |  47.1 |      43 |      20 |  31.7
      Orc:2 |    4702 |    8583 |  64.6 |      49 |      66 |  57.4
   Vaults:1 |   16572 |   21722 |  56.7 |      25 |      52 |  67.5
   Vaults:2 |   19398 |   13546 |  41.1 |      38 |      14 |  26.9
    Abyss:1 |     883 |       0 |   0.0 |       2 |       0 |   0.0
     Bailey |       0 |     354 | 100.0 |       0 |      34 | 100.0
      IceCv |       0 |   10784 | 100.0 |       0 |      49 | 100.0
            +---------+---------+-------+---------+---------+-------

Table legend:
 A = Turns spent in this place as a percentage of turns spent in the entire game.
 B = Non-inter-level travel turns spent in this place as a percentage of non-inter-level travel turns spent in the entire game.
 C = Inter-level travel turns spent in this place as a percentage of turns spent in this place.
 D = Turns resting spent in this place as a percentage of non-inter-level travel turns spent in this place.
 E = Turns spent auto-exploring this place as a percentage of non-inter-level travel turns spent in this place.
 F = Non-inter-level travel turns spent in this place divided by the number of levels of this place that you've seen.
                   A       B       C       D       E      F
               +-------+-------+-------+-------+-------+----------------------
         Total | 100.0 | 100.0 |   6.6 |  40.6 |  23.5 | 1566.4
       Dungeon |  33.8 |  33.1 |   8.7 |  33.0 |  32.5 | 1278.5
        Temple |   0.1 |   0.1 |  26.7 |   0.0 |  93.9 |  33.0
          Lair |  19.2 |  18.2 |  11.1 |  45.0 |  27.1 | 1762.2
        Shoals |  12.9 |  13.1 |   5.7 |  52.2 |  17.4 | 1893.0
   Spider Nest |  16.8 |  17.5 |   2.8 |  45.8 |  21.4 | 2534.8
  Orcish Mines |   7.2 |   7.5 |   2.7 |  37.2 |  16.4 | 2166.5
        Vaults |   5.9 |   6.3 |   1.4 |  26.8 |   7.4 | 1813.5
         Abyss |   0.1 |   0.1 |   0.0 |   0.0 |   0.0 |  56.0
        Bailey |   0.8 |   0.8 |   0.0 |  12.0 |   0.0 | 467.0
      Ice Cave |   3.2 |   3.4 |   0.0 |  62.2 |   0.6 | 1978.0
               +-------+-------+-------+-------+-------+----------------------

Vault maps used:
D:1:      sevenhm_arrival_forest_fort_large_1, dk_noncrumbling_3, minivault_5,
          xom_teletrap_fun
D:2:      gammafunk_temple_overflow_arena, cheibriados_altar_1,
          minmay_tromino_v4_c, uniq_jessica, uniq_terence
D:3:      lemuel_doored_altar, first_ration, nrook_uturn,
          cheibrodos_ashenzari_chains, uniq_sigmund
D:4:      lemuel_coloured_pillars_altar, minmay_temple_entry_trees,
          serial_shops, nicolae_shop_stone
D:5:      basic_altar, chequers_serial_rivers_large_b,
          nemelex_xobeh_ov_fountains_minmay
D:6:      trog_ov_bears_minmay, gammafunk_temple_overflow_pools,
          minmay_gold_behind_fungi, minmay_misc_feat_square, elyvilon_altar_4,
          uniq_crazy_yiuf_cottage
D:7:      grunt_temple_overflow_champion_of_chaos, okawaru_metal_pillars_1_2,
          uniq_menkaure, uniq_joseph
D:9:      kennysheep_mini, marbit_many_paths, tgw_sif, serial_shops, shop,
          serial_glass, glass_columns_c, glass_columns_a, glass_columns_b,
          glass_columns_a, glass_columns_b, glass_columns_a, glass_columns_c,
          glass_columns_a
D:10:     lair_entry_dummy, david_orc_1_choice, ebering_ghost_disaster_area,
          uniq_erolcha, uniq_fannar
D:12:     maelrawn_ghost_labyrinth_escape, hangedman_pestilent_swarm,
          amethyst_killhole, grunt_ministairs_8, kennysheep_small_spiral
D:13:     grunt_vaults_entry_tiered, serial_shops, shop
D:14:     enter_bailey_6, uniq_nessos
D:15:     grunt_enter_depths_hoard, serial_glass, glass_columns_c,
          glass_columns_b, glass_columns_b, glass_columns_c, item_on_display_a,
          minmay_strange_pillars, item_on_display_a, feat_on_display,
          hangedman_decor_diamond_cutter, lightli_airlock
Temple:   corrupted_temple
Lair:1:   minmay_lair_oklob_chamber, uniq_gastronok
Lair:2:   pond, uniq_erica, uniq_harold
Lair:3:   elwin_shoals_entry_rocks, st_stairs_5, infiniplex_staircase_pool_2,
          uniq_urug
Lair:4:   spider_nest_entry_rubble, portal_ice_cave_entry_imps,
          serial_bayou_shore_b
Lair:5:   st_stairs_9
Lair:6:   grunt_lair_end_beastmaster, slime_altar_1, st_stairs_12,
          chequers_serial_rivers_large_a, bobbens_dragon_lair_wall
Shoals:1: serial_shops, nicolae_shop_competitors_out_of_business
Shoals:2: cheibrodos_shoals_gigantism, uniq_ilsuiw
Shoals:3: ebering_ghost_reflecting_pool
Shoals:4: shoals_end_grunt_garden, shoal_ilsuiw, ldierk_geyser
Spider:1: gammafunk_ghost_cemetery, uniq_azrael
Spider:2: nicolae_spider_webs_and_nodes, minivault_29
Spider:3: gammafunk_ghost_cemetery
Spider:4: johnstein_spider_rune_arachne_lair, gammafunk_ghost_necromancy
Orc:1:    hangedman_minor_magic, uniq_maurice
Orc:2:    st_orc_pillars, serial_shops, shop, mines3_lemuel
Vaults:1: v_misc_14, grunt_vaults_trifunnel, v_misc_17,
          ontoclasm_vaults_ring_square, nicolae_vaults_little_squares_6,
          vaults_dpeg_ring, v_misc_9, vaults_mumra_minichess,
          hangedman_vaults_capsules, v_misc_3, v_misc_15,
          nicolae_vaults_little_ls, special_room_vaults, vaults_room_boxed
Vaults:2: nicolae_vaults_border_crossing, vaults_room_fancy_cross,
          nicolae_vaults_meeting, blue_anna_dwarven_crypt,
          nicolae_vaults_big_angled_halls, vaults_dpeg_cross,
          nicolae_vaults_circle_grid_b, vaults_dpeg_diagonal, uniq_xtahua
Bailey:   bailey_axe_2, bailey
IceCv:    ice_cave_caverns_02
